 Dungeon Crawl Stone Soup version 0.29-a0-973-gac7da5f7f0 (webtiles) character file.

Game seed: 14672381409571308817

32 purpskrrrp the Slasher (level 3, -1/34 HPs)
             Began as a Naga Monk on Aug 1, 2022.
             Was a Plaything of Xom.
             Slain by a jackal (2 damage)
             ... on level 2 of the Dungeon.
             The game lasted 00:02:13 (1129 turns).

purpskrrrp the Slasher (Naga Monk)                  Turns: 1129, Time: 00:02:15

Health: -1/34      AC:  2    Str: 15    XL:     3   Next: 25%
Magic:  3/3        EV: 10    Int: 10    God:    Xom [..*...]
Gold:   31         SH:  0    Dex: 13    Spells: 2/2 levels left

rFire   . . .      SeeInvis +   a - +0 falchion
rCold   . . .      Faith    .   (no shield)
rNeg    . . .      Spirit   .   b - +0 robe
rPois   +          Reflect  .   (no helmet)
rElec   .          Harm     .   (no cloak)
rCorr   .          Rampage  .   (no gloves)
Will    .....                   (no barding)
Stlth   ++........              (no amulet)
HPRegen 0.11/turn               (no ring)
MPRegen 0.08/turn               (no ring)

@: very slow
A: AC +1, large, see invisible, deformed body, poison resistance, slowness 2,
spit poison 1, naga tail 1
a: Spit Poison, Renounce Religion


You were on level 2 of the Dungeon.
You worshipped Xom.
You were a toy of Xom.
You visited 1 branch of the dungeon, and saw 2 of its levels.

You collected 31 gold pieces.

Inventory:

Hand Weapons
 a - a +0 falchion (weapon)
Armour
 b - a +0 robe (worn)
Jewellery
 d - an amulet of faith
Scrolls
 g - a scroll of identify {unknown}
 h - a scroll of butterflies {unknown}
 i - a scroll of poison {unknown}
Potions
 c - a potion of ambrosia
 e - a potion of brilliance {unknown}
 f - 2 potions of heal wounds {unknown}
 j - a potion of invisibility {unknown}
 k - a potion of flight {unknown}


   Skills:
 + Level 3.3 Fighting
 + Level 3.6 Long Blades
 + Level 2.7 Dodging
 + Level 3.0 Stealth


You had 2 spell levels left.
You didn't know any spells.
Your spell library was empty.

Dungeon Overview and Level Annotations

Branches:
Dungeon (2/15)

Altars:
Xom


Innate Abilities, Weirdness & Mutations

Your serpentine skin is tough. (AC +1)
You have supernaturally acute eyesight. (SInv)
Armour fits poorly on your strangely shaped body.
Your system is resistant to poisons. (rPois)
You cover ground very slowly.
You can spit poison.
You have a snake-like lower body.


Message History

You are too injured to fight recklessly!
There are monsters nearby!
Unknown command.
You barely miss the jackal. The jackal completely misses you.
The quokka bites you. The jackal bites you. x2
You slash the jackal!
You kill the jackal!
The jackal bites you.
The quokka bites you but does no damage.
The jackal bites you.
* * * LOW HITPOINT WARNING * * *
The quokka closely misses you.
You closely miss the jackal.
The jackal is heavily wounded.
The jackal barely misses you. The quokka bites you.
* * * LOW HITPOINT WARNING * * *
You closely miss the jackal.
The jackal is heavily wounded.
The jackal bites you but does no damage.
The quokka bites you.
* * * LOW HITPOINT WARNING * * *
The jackal closely misses you.
You closely miss the jackal.
The jackal is heavily wounded.
The quokka misses you. The jackal closely misses you.
The quokka bites you but does no damage.
The jackal barely misses you.
You closely miss the jackal.
The jackal is heavily wounded.
The jackal barely misses you. The quokka barely misses you.
Unknown command.
You closely miss the jackal.
The jackal is heavily wounded.
The jackal bites you.
* * * LOW HITPOINT WARNING * * *
The quokka bites you.
* * * LOW HITPOINT WARNING * * *
The jackal bites you.
You die... "Boring in life, boring in death..."

#.# ## #≈≈≈g≈≈≈##
####.####.....####'####.
#.............# '# ##
#.##..$##.....# ..
#.##...##.....# ..#
#......#......# ...
#).##..#......# ##
#.............#
##.##.h@....#. #
###†r..## .........
.#..##.#.# .....# # # ##
#... #####


You could see a quokka and a jackal.

Vanquished Creatures
  2 dart slugs (D:1)
  An endoplasm (D:1)
  A giant cockroach (D:1)
  8 goblins
  3 hobgoblins
  2 jackals (D:2)
  A quokka (D:2)
  2 ball pythons (D:1)
  A bat (D:2)
  2 frilled lizards
  A kobold (D:1)
24 creatures vanquished.

Notes
Turn   | Place    | Note
-------+----------+-------------------------------------------
     0 | D:1      | purpskrrrp the Naga Monk began the quest for the Orb.
     0 | D:1      | Reached XP level 1. HP: 21/21 MP: 1/1
   268 | D:1      | Found a faded altar of an unknown god.
   280 | D:1      | Reached XP level 2. HP: 18/28 MP: 2/2
   283 | D:1      | Prayed at the altar of an unknown god.
   283 | D:1      | Became a worshipper of Xom of Chaos
   924 | D:2      | Reached XP level 3. HP: 34/34 MP: 3/3
  1013 | D:2      | XOM: silly message
  1129 | D:2      | HP: 1/34 [quokka (5)]
  1129 | D:2      | Slain by a jackal

Illustrated notes

Levels and vault maps discovered:
D:1:      amcnicky_arrival_choice, layout_rooms,
          chequers_ecumenical_altar_simple_redux
D:2:      layout_loops_cross, nicolae_eternal_life, minmay_goblin_outpost

Action                   || total
-------------------------++-------
Melee: Falchion          ||    68
 Stab: Sleeping          ||     1
Armor: Robe              ||    10
Dodge: Dodged            ||    52

Table legend: (Time is in decaauts)
 A = Elapsed time spent in this place.
 B = Non-inter-level travel time spent in this place.
 C = Inter-level travel time spent in this place.
 D = Time resting spent in this place.
 E = Time spent auto-exploring this place.
 F = Levels seen in this place.
 G = Mean time per level.
                   A        B        C        D        E       F      G
               +--------+--------+--------+--------+--------+-----+--------+
         Total |   1327 |   1325 |      2 |      0 |   1073 |   2 |  663.5 |
       Dungeon |   1327 |   1325 |      2 |      0 |   1073 |   2 |  663.5 |
               +--------+--------+--------+--------+--------+-----+--------+

Top non-repeatable levels by time:
     D:1: 1057 daAuts
     D:2: 270 daAuts
